[Event "POL-ch Women MOKATE 2020"]
[Site "Ostrow Wielkopolski"]
[Date "2020.08.12"]
[Round "9.1"]
[White "Cyfka, Karina"]
[Black "Kucharska, Honorata"]
[Result "1/2-1/2"]
[ECO "A45"]
[WhiteElo "2411"]
[BlackElo "2159"]
[Annotator "ChessBase"]
[PlyCount "67"]
[EventDate "2020.08.04"]
[EventType "tourn"]
[EventCountry "POL"]
[SourceTitle "playchess.com"]
[Source "ChessBase"]
[SourceQuality "1"]
[TimeControl "40/5400+30:1800+30"]

1. d4 Nf6 2. Nc3 d5 3. Bf4 e6 4. e3 Bb4 5. Bd3 c5 6. dxc5 Bxc5 7. Nb5 Na6 8. c3 O-O 9. Nf3 Bd7 10. a4 Be7 11. b4 Bxb5 12. axb5 Nb8 13. Qc2 Nbd7 14. O-O h6 15. h3 Nb6 16. Rfd1 Bd6 17. c4 Bxf4 18. exf4 Nxc4 19. Bxc4 Rc8 20. Ne5 Qb6 21. Qa2 dxc4 22. Nxc4 Qc7 23. Ne5 Nd5 24. Qxa7 Nxf4 25. Nd7 Rfd8 26. Nc5 Ne2+ 27. Kh1 Rxd1+ 28. Rxd1 Rd8 29. Qa1 b6 30. Ne4 Rxd1+ 31. Qxd1 Qc4 32. Nd6 Qxb4 33. Nxf7 Ng3+ 34. fxg3 1/2-1/2

[Event "POL-ch Women MOKATE 2020"]
[Site "Ostrow Wielkopolski"]
[Date "2020.08.12"]
[Round "9.2"]
[White "Kubicka, Anna"]
[Black "Zawadzka, Jolanta"]
[Result "1/2-1/2"]
[ECO "B20"]
[WhiteElo "2259"]
[BlackElo "2419"]
[Annotator "ChessBase"]
[PlyCount "71"]
[EventDate "2020.08.04"]
[EventType "tourn"]
[EventCountry "POL"]
[SourceTitle "playchess.com"]
[Source "ChessBase"]
[SourceQuality "1"]
[TimeControl "40/5400+30:1800+30"]

1. e4 c5 2. Ne2 Nf6 3. Nbc3 d5 4. exd5 Nxd5 5. Nxd5 Qxd5 6. Nc3 Qd8 7. g3 h5 8. d3 Bg4 9. Be2 Qd7 10. Be3 e5 11. Qd2 Nc6 12. f4 exf4 13. Bxf4 Nd4 14. O-O-O Nxe2+ 15. Nxe2 O-O-O 16. Rde1 h4 17. Nc3 f6 18. gxh4 Rxh4 19. Bg3 Rh7 20. Ne4 f5 21. Qf4 Qc6 22. Ng5 Bd6 23. Qe3 Bxg3 24. Qxg3 Rh5 25. Nf7 Rf8 26. Nd6+ Kd7 27. Nc4 Kc8 28. Qe5 Rd8 29. Rhg1 g6 30. Qe7 Qc7 31. Qf6 Rxh2 32. Re7 Qc6 33. Re6 Qc7 34. Re7 Qc6 35. Re6 Qc7 36. Re7 1/2-1/2

[Event "POL-ch Women MOKATE 2020"]
[Site "Ostrow Wielkopolski"]
[Date "2020.08.12"]
[Round "9.3"]
[White "Waszczuk, Patrycja"]
[Black "Sliwicka, Alicja"]
[Result "0-1"]
[ECO "A00"]
[WhiteElo "2321"]
[BlackElo "2317"]
[Annotator "ChessBase"]
[PlyCount "158"]
[EventDate "2020.08.04"]
[EventType "tourn"]
[EventCountry "POL"]
[SourceTitle "playchess.com"]
[Source "ChessBase"]
[SourceQuality "1"]
[TimeControl "40/5400+30:1800+30"]

1. g3 g6 2. Bg2 Bg7 3. e4 c5 4. Ne2 Nc6 5. Nbc3 d6 6. d3 a6 7. Be3 Nd4 8. O-O Rb8 9. f4 b5 10. Bxd4 cxd4 11. Nb1 e6 12. Nd2 Ne7 13. Nf3 Qb6 14. Qe1 O-O 15. Qf2 e5 16. c3 dxc3 17. Qxb6 Rxb6 18. bxc3 f5 19. a4 fxe4 20. dxe4 Be6 21. axb5 Bc4 22. Rf2 axb5 23. fxe5 dxe5 24. Nd2 Be6 25. Rxf8+ Bxf8 26. Nf3 Nc6 27. Ra8 Kg7 28. Kf2 Bc5+ 29. Ke1 h6 30. Nc1 b4 31. cxb4 Bxb4+ 32. Kd1 g5 33. Bf1 Bd6 34. Ra6 Rxa6 35. Bxa6 g4 36. Nd2 Bc5 37. Ke1 Nb4 38. Bc4 Nc2+ 39. Ke2 Nd4+ 40. Kd3 Bxc4+ 41. Kxc4 Ba7 42. Kd3 Kf6 43. Nf1 Nf3 44. Ne2 h5 45. Kc4 Ke6 46. Kd3 Kd6 47. Kc4 Kc6 48. Kb4 Ng5 49. Nd2 Bc5+ 50. Kc4 Be3 51. Nf1 Bf2 52. Kd3 Kc5 53. Nc1 Nf3 54. Ne2 Ne1+ 55. Kc3 Bd4+ 56. Kd2 Nf3+ 57. Kd3 Bf2 58. Kc3 Be1+ 59. Kd3 Ba5 60. Nc1 Kb5 61. Ne2 Ne1+ 62. Ke3 Kc4 63. Nc1 Nf3 64. Ke2 Bb6 65. Nd3 Kd4 66. Nf2 Ng1+ 67. Kd2 Ba5+ 68. Kd1 Nf3 69. Ke2 Ng1+ 70. Kd1 Bb4 71. h3 Nxh3 72. Nxh3 gxh3 73. Ke2 Kxe4 74. Nh2 Bc5 75. Nf3 Kf5 76. Nh2 Bg1 77. Nf3 h2 78. Nxh2 Bxh2 79. Kf3 Bg1 0-1

[Event "POL-ch Women MOKATE 2020"]
[Site "Ostrow Wielkopolski"]
[Date "2020.08.12"]
[Round "9.5"]
[White "Socko, Monika"]
[Black "Kulon, Klaudia"]
[Result "1/2-1/2"]
[ECO "A50"]
[WhiteElo "2428"]
[BlackElo "2336"]
[Annotator "ChessBase"]
[PlyCount "96"]
[EventDate "2020.08.04"]
[EventType "tourn"]
[EventCountry "POL"]
[SourceTitle "playchess.com"]
[Source "ChessBase"]
[SourceQuality "1"]
[TimeControl "40/5400+30:1800+30"]

1. d4 Nf6 2. c4 Nc6 3. Nf3 e6 4. a3 d6 5. Nc3 g6 6. e4 Bg7 7. Be2 O-O 8. O-O Re8 9. Be3 e5 10. dxe5 dxe5 11. Qxd8 Nxd8 12. h3 Ne6 13. Rfd1 c5 14. Bd3 Nd4 15. Bxd4 cxd4 16. Nb5 Re7 17. c5 Ne8 18. Rac1 Be6 19. Bc4 Bxc4 20. Rxc4 a6 21. Nd6 Nxd6 22. cxd6 Rd7 23. Rc7 Rxc7 24. dxc7 Rc8 25. Rc1 f6 26. g4 h6 27. Nd2 Kf8 28. Nb3 Ke7 29. Na5 d3 30. Rd1 Rxc7 31. Rxd3 b6 32. Nb3 h5 33. gxh5 gxh5 34. Nd2 Bh6 35. Nf3 f5 36. Rd5 Rc5 37. Rxc5 bxc5 38. Nh4 Bc1 39. Nxf5+ Kf6 40. b3 Bxa3 41. h4 c4 42. bxc4 Bc5 43. Kf1 a5 44. Ke2 a4 45. Kd3 Bxf2 46. Kc3 Bc5 47. Ng3 Kg6 48. Nf5 Kf6 1/2-1/2

[Event "POL-ch Women MOKATE 2020"]
[Site "Ostrow Wielkopolski"]
[Date "2020.08.12"]
[Round "10"]
[White "Kulon, Klaudia"]
[Black "Cyfka, Karina"]
[Result "0-1"]
[ECO "A45"]
[WhiteElo "2336"]
[BlackElo "2411"]
[Annotator "ChessBase"]
[PlyCount "134"]
[EventDate "2020.08.04"]
[EventType "tourn"]
[EventCountry "POL"]
[SourceTitle "playchess.com"]
[Source "ChessBase"]
[SourceQuality "1"]
[TimeControl "40/5400+30:1800+30"]

1. d4 Nf6 2. Bg5 d5 3. Bxf6 exf6 4. e3 c5 5. dxc5 Bxc5 6. Nf3 O-O 7. c3 Nc6 8. Be2 Be6 9. O-O Qc7 10. Nbd2 Rad8 11. h3 Rfe8 12. a4 a6 13. Rc1 Ba7 14. b4 Bb8 15. Qc2 Ne5 16. Rfd1 Nc4 17. Nb3 g6 18. Nbd4 Bd7 19. a5 f5 20. Bxc4 dxc4 21. g3 Ba7 22. h4 Re4 23. Rd2 Ree8 24. Rcd1 Kg7 25. Qa2 h5 26. Ne2 Bb5 27. Nf4 Rxd2 28. Qxd2 Bc6 29. Ng5 Qe5 30. Qd6 Bb8 31. Qd4 Qxd4 32. Rxd4 Bb5 33. Nf3 Ba7 34. Rd1 Bc6 35. Nd4 Be4 36. Rd2 Kf6 37. Kf1 Rd8 38. Ke1 Bxd4 39. Rxd4 Rxd4 40. exd4 Ke7 41. Kd2 Kd6 42. Ke3 Bc6 43. Nh3 Bg2 44. Ng1 Bc6 45. Kf4 Ba4 46. Nf3 Bc6 47. Ne5 Bd5 48. Kg5 Ke6 49. Kh6 Kf6 50. Kh7 f4 51. Kh6 fxg3 52. fxg3 Be6 53. Kh7 Bd5 54. Kg8 Kf5 55. Kg7 Ke4 56. Kf6 Ke3 57. Nxf7 Kd3 58. Nh8 Kxc3 59. Ke5 Kxb4 60. Kxd5 c3 61. Nxg6 c2 62. Ne5 Kc3 63. Ke6 c1=Q 64. d5 Qh6+ 65. Ke7 Kd4 66. Nf7 Qe3+ 67. Kf6 Kxd5 0-1

[Event "POL-ch Women MOKATE 2020"]
[Site "Ostrow Wielkopolski"]
[Date "2020.08.12"]
[Round "11"]
[White "Cyfka, Karina"]
[Black "Kulon, Klaudia"]
[Result "1-0"]
[ECO "A50"]
[WhiteElo "2411"]
[BlackElo "2336"]
[Annotator "ChessBase"]
[PlyCount "103"]
[EventDate "2020.08.04"]
[EventType "tourn"]
[EventCountry "POL"]
[SourceTitle "playchess.com"]
[Source "ChessBase"]
[SourceQuality "1"]
[TimeControl "40/5400+30:1800+30"]

1. d4 Nf6 2. c4 Nc6 3. Nf3 e6 4. a3 d6 5. Nc3 g6 6. e4 Bg7 7. Be3 O-O 8. h3 e5 9. d5 Nd4 10. Nxd4 exd4 11. Bxd4 Nxe4 12. Bxg7 Re8 13. Be2 Kxg7 14. Qd4+ Qf6 15. Qxf6+ Kxf6 16. Nxe4+ Rxe4 17. Kd2 Bf5 18. g4 Bd7 19. f3 Re7 20. h4 Rae8 21. Bd3 h6 22. Rhg1 Ke5 23. Ke3 f5 24. g5 hxg5 25. hxg5 f4+ 26. Kd2 Kd4 27. Rg2 Re5 28. Rh1 b5 29. Rh4 Rf8 30. cxb5 Rxd5 31. Bxg6 Rxb5 32. b4 a5 33. Bd3 Rbb8 34. g6 axb4 35. g7 Rg8 36. Rxf4+ Ke5 37. Re4+ Kf6 38. Rf4+ Ke7 39. Re4+ Be6 40. Rg6 bxa3 41. Rgxe6+ Kd7 42. Re7+ Kc6 43. Bc4 d5 44. R4e6+ Kc5 45. Rxc7+ Kd4 46. Ba2 Rb2+ 47. Rc2 Rxg7 48. Rxb2 axb2 49. Kc2 Rg2+ 50. Kb1 Kd3 51. Bxd5 Kc3 52. Rc6+ 1-0